 Dungeon Crawl Stone Soup version 0.22.1-1-ga44c0e5 (console) character file.

40 Pereza0 the Sneak (level 3, -1/16 HPs)
             Began as a Spriggan Enchanter on Oct 19, 2018.
             Slain by an orc warrior
             ... wielding a +0 glaive
              (17 damage)
             ... on level 2 of the Dungeon.
             The game lasted 00:05:58 (1920 turns).

Pereza0 the Sneak (Spriggan Enchanter)              Turns: 1920, Time: 00:05:59

Health: -1/16      AC:  2    Str:  4    XL:     3   Next: 30%
Magic:  8/8        EV: 18    Int: 16    God:
Gold:   47         SH:  0    Dex: 17    Spells: 1/7 levels left

rFire    . . .     SeeInvis +   a - +1 dagger
rCold    . . .     Gourm    .   (shield restricted)
rNeg     . . .     Faith    .   b - +0 robe
rPois    .         Spirit   .   (helmet restricted)
rElec    .         Reflect  .   (no cloak)
rCorr    .         Harm     .   (gloves unavailable)
MR       .....                  (boots unavailable)
Stlth    +++.......             (no amulet)
HPRegen  0.05/turn              (no ring)
MPRegen  0.11/turn              (no ring)

@: very quick
A: very small, unfitting armour, see invisible, herbivore, speed 3, slow
metabolism 2
a: no special abilities


You were on level 2 of the Dungeon.
You were hungry.

You visited 1 branch of the dungeon, and saw 2 of its levels.

You collected 47 gold pieces.

Inventory:

Hand Weapons
 a - a +1 dagger (weapon)
Armour
 b - a +0 robe (worn)
Scrolls
 c - 2 scrolls of teleportation {unknown}
 e - a scroll of noise {unknown}
 f - a scroll of random uselessness {unknown}
 g - a scroll of amnesia {unknown}
 h - a scroll of immolation {unknown}
 i - a scroll of fog {unknown}
 j - a scroll of remove curse {unknown}
Comestibles
 d - 5 rations


   Skills:
 + Level 1.7 Short Blades
 - Level 3.0 Dodging
 + Level 5.1 Stealth
 - Level 2.6 Spellcasting
 - Level 4.6 Hexes
 + Level 0.1 Ice Magic


You had one spell level left.
You knew the following spells:

 Your Spells              Type           Power        Failure   Level  Hunger
a - Corona                Hex            ###....      2%          1    #......
b - Ensorcelled Hibernat  Hex/Ice        #.....       11%         2    ##.....
c - Confuse               Hex            ###.....     9%          3    ###....

Your spell library contained the following spells:

 Spells                   Type           Power        Failure   Level  Hunger
 Tukima's Dance           Hex            ###.....     9%          3    ###....
 Dazzling Spray           Conj/Hex       #.....       22%         3    ###....


Dungeon Overview and Level Annotations

Branches:
Dungeon (2/15)

Altars:


Innate Abilities, Weirdness & Mutations

You are very small and have problems with some larger weapons.
You are too small for most types of armour.
You have supernaturally acute eyesight. (SInv)
You are a herbivore.
You cover ground extremely quickly.
You need to consume almost no food.


Message History

You are too injured to fight recklessly!
You are too injured to fight recklessly!
You are too injured to fight recklessly!
You hit the orc.
The orc is almost dead.
The orc barely misses you.
You hit the orc.
You kill the orc!
You start resting.
Your magical contamination has completely faded away.
You start resting.
Magic restored.
You start resting.
You are feeling hungry.
You start resting.
HP restored.
There is a stone staircase leading down here.
You climb downwards.
The orc warrior hits you with a glaive!
Ouch! That really hurt!
You die...

##.......####o###....
#.....>..# #..###..#
#........# ##...#...
###.....#### ##.<..#
###.......# ###..#
#.........# ##.#
#.........# #o.
#>........# ###
#......@..# #.
#.......o.# ...
#.........# #...
#..(......# #...
#.........# #...
#....###### #...
###### #gg.


You could see an orc warrior.

Vanquished Creatures
  An adder (D:2)
  2 dart slugs
  2 leopard geckos
  An orc (D:1)
  3 goblins
  4 hobgoblins (D:1)
  5 bats (D:1)
  2 frilled lizards (D:1)
  2 kobolds
  4 rats
26 creatures vanquished.

Notes
Turn   | Place    | Note
-------+----------+-------------------------------------------
     0 | D:1      | Pereza0 the Spriggan Enchanter began the quest for the Orb.
     0 | D:1      | Reached XP level 1. HP: 9/9 MP: 5/5
    70 | D:1      | Reached XP level 2. HP: 7/13 MP: 4/6
   100 | D:1      | Learned a level 2 spell: Ensorcelled Hibernation
  1198 | D:2      | Reached skill level 5 in Stealth
  1198 | D:2      | Reached XP level 3. HP: 16/16 MP: 4/8
  1263 | D:2      | Learned a level 3 spell: Confuse
  1374 | D:2      | Noticed an orc warrior
  1920 | D:2      | Slain by an orc warrior

Skill      XL: |  1  2 |
---------------+-------+-----
Hexes          | 4 |  4.6
Stealth        | 5 |  5.1
Short Blades   | |  1.7
Dodging        | |  3.0
Spellcasting   | |  2.6
Ice Magic      | |  0.1

Action                   || total
-------------------------++-------
Melee: Dagger            ||    66
 Cast: Corona            ||     6
       Ensorcelled Hiber ||    21
       Confuse           ||     1
 Stab: Sleeping          ||    17
Armor: Robe              ||     5
Dodge: Dodged            ||    36
